AoeStats
← Chiripa605

Black Forest

507080833Analyzed
4v4 RM · 15d ago on Sep 16, 2026· 29m 43s· 8 players
Game mode
Random Map
Map size
Large (8 player)
Population
200
Speed
Normal
Resources
Standard
Victory
Conquest
Starting age
Dark Age
Ending age
Imperial Age
RankedLock teamsTeams togetherTeam positionsShared explorationLock speedFull tech treeHidden civsTurbo modeCheats
Victory
Defeat
🇵🇪 Maya · Peru
1405
+12
🇦🇷 Vikings · Argentina
1303
+16
🇺🇸 Hindustanis · United States
1241
+18
🇪🇸 Italians · Spain
1206
+19
🇨🇳 Mongols · China
1343
-18
🇨🇳 Wu · China
1294
-16
🇹🇼 Britons · Taiwan
1294
-16
🇨🇳 Goths · China
1251
-15
popo770723
7:29 Loom
11:12 Feudal Age
16:09 Castle Age
14:04 Double-Bit Axe
14:00 Horse Collar
17:10 Heavy Plow
17:23 Bow Saw
23:58 Wheelbarrow
23:58 Stone Mining
24:02 Crossbowman
26:07 Gold Mining
27:09 Hand Cart
28:11 Gold Shaft Mining
墨者
11:47 Feudal Age
12:37 Double-Bit Axe
15:47 Castle Age
16:40 Horse Collar
17:46 Bow Saw
25:38 Gold Mining
26:19 Heavy Plow
28:15 Wheelbarrow
28:13 Bloodlines
28:04 Husbandry
31:11 Imperial Age
28:48 Scale Barding Armor
28:56 Forging
28:59 Husbandry
29:10 Bloodlines
29:44 Gold Shaft Mining
28:56 Loom
28:57 Town Watch
会做梦的懒猪
1:01 Loom
13:02 Feudal Age
16:44 Castle Age
15:07 Double-Bit Axe
15:51 Horse Collar
17:18 Wheelbarrow
18:00 Bow Saw
23:27 Heavy Plow
不会进攻
1:22 Loom
12:06 Feudal Age
12:18 Man-at-Arms
Chiripa605
3:29 Loom
11:38 Feudal Age
15:20 Castle Age
13:21 Double-Bit Axe
14:06 Horse Collar
16:12 Bow Saw
16:51 Heavy Plow
19:30 Wheelbarrow
20:36 Gold Mining
21:58 Stone Mining
23:36 Squires
24:12 Scale Mail Armor
24:12 Arson
25:39 Chain Mail Armor
26:36 Forging
28:19 Iron Casting
29:26 Hand Cart
32:46 Imperial Age
Barrios
0:57 Loom
12:38 Feudal Age
16:55 Castle Age
16:14 Double-Bit Axe
21:12 Imperial Age
19:10 Gold Mining
21:14 Horse Collar
22:55 Chemistry
29:39 Wheelbarrow
JAGR | BkB
0:26 Loom
9:47 Feudal Age
9:53 Man-at-Arms
10:47 Double-Bit Axe
12:04 Arson
13:59 Horse Collar
15:57 Wheelbarrow
20:29 Castle Age
18:55 Gold Mining
19:31 Fletching
19:44 Padded Archer Armor
20:31 Crossbowman
21:07 Bodkin Arrow
23:49 Ballistics
23:18 Town Watch
26:15 Bow Saw
29:26 Eagle Warrior
M-A
0:26 Loom
11:27 Feudal Age
16:10 Castle Age
15:10 Double-Bit Axe
15:44 Horse Collar
17:10 Heavy Plow
17:55 Bow Saw
24:41 Gold Mining
25:09 Stone Mining
27:35 Gold Shaft Mining
30:14 Imperial Age
27:56 Treadmill Crane
29:05 Scale Mail Armor
29:08 Squires
28:43 Man-at-Arms
29:30 Arson
29:32 Gambesons
30:08 Chain Mail Armor
29:23 Long Swordsman
Connection lost

Rejoining the realm…

Still unreachable

The connection could not be restored.

Session expired

The server has moved on; the page needs a fresh start.